 Dungeon Crawl Stone Soup version 0.28.0-43-g3370ac3207 (webtiles) character file.

Game seed: 4187017477830491380

39 fknight the Chopper (level 3, 0/33 HPs)
             Began as a Hill Orc Monk on Mar 5, 2022.
             Succumbed to an adder's poison
             ... on level 2 of the Dungeon.
             The game lasted 00:03:40 (1637 turns).

fknight the Chopper (Hill Orc Monk)                 Turns: 1637, Time: 00:03:40

Health: 0/33       AC:  2    Str: 15    XL:     3   Next: 47%
Magic:  3/3        EV: 12    Int: 16    God:
Gold:   44         SH:  0    Dex: 13    Spells: 2/2 levels left

rFire   + . .      SeeInvis .   a - +0 hand axe
rCold   + . .      Faith    .   (no shield)
rNeg    . . .      Spirit   .   b - +0 robe
rPois   +          Reflect  .   (no helmet)
rElec   +          Harm     .   (no cloak)
rCorr   +          Rampage  .   (no gloves)
Will    .....                   (no boots)
Stlth   ++........              (no amulet)
HPRegen 0.11/turn               d - +6 ring of intelligence
MPRegen 0.08/turn               (no ring)

@: brilliant, lethally poisoned (0 -> -4), resistant
A: no striking features
a: no special abilities


You were on level 2 of the Dungeon.
You visited 1 branch of the dungeon, and saw 2 of its levels.

You collected 44 gold pieces.

Inventory:

Hand Weapons
 a - a +0 hand axe (weapon)
Missiles
 e - 40 bolts
 j - 5 stones (quivered)
 k - 29 arrows
Armour
 b - a +0 robe (worn)
Jewellery
 d - a +6 ring of intelligence (left hand)
Scrolls
 f - 2 scrolls of teleportation {unknown}
 i - a scroll of noise {unknown}
Potions
 c - a potion of degeneration {unknown}
 g - a potion of lignification {unknown}


   Skills:
 + Level 4.1 Fighting
 + Level 4.5 Axes
 + Level 2.7 Dodging
 + Level 2.1 Stealth


You had 2 spell levels left.
You didn't know any spells.
Your spell library contained the following spells:

 Spells                   Type           Power      Damage    Failure   Level
 Summon Lightning Spire   Summ/Air       0%         N/A       94%         4
 Storm Form               Tmut/Air       0%         N/A       100%        7
 Maxwell's Capacitive Co  Air            0%         ∞         100%        8


Dungeon Overview and Level Annotations

Branches:
Dungeon (2/15)

Altars:
Xom


Message History

You feel sick. The adder closely misses you. x2
You closely miss the adder.
The adder is severely wounded.
You feel sick. The adder bites you.
You are more poisoned.
The adder poisons you!
You miss the adder.
The adder is severely wounded.
You feel sick. The adder bites you.
You are lethally poisoned!
The adder poisons you!
You hit the adder.
The adder is almost dead.
You feel very sick.
A jackal comes into view.
The adder misses you. The adder closely misses you.
You barely miss the adder.
The adder is almost dead.
* * * LOW HITPOINT WARNING * * *
You feel very sick. The adder bites you but does no damage.
You hit the adder.
You kill the adder!
* * * LOW HITPOINT WARNING * * *
You feel sick. The adder barely misses you.
You closely miss the adder.
* * * LOW HITPOINT WARNING * * *
You feel sick.
The jackal barks!
You hear a bark!
A jackal comes into view.
The adder bites you.
* * * LOW HITPOINT WARNING * * *
A jackal comes into view.
It was a potion of brilliance.
You feel clever all of a sudden.
* * * LOW HITPOINT WARNING * * *
You feel sick. The adder closely misses you.
It was a potion of resistance.
You feel protected.
You die...

.# ##############...
#####..........<.....
................#
.####.#######...# ..#
#.# ##.## . ..# #.#
##.## ...
..###.#######...###.....
................@ShB..h.
......#######...##S.....
..##### #....## ..h..
.## .......# .... .#
.##.##.# ... .# #. #.#
.. . .. ... . . # #. #++


You could see an adder, 3 jackals, a giant cockroach and a ball python.

Vanquished Creatures
  2 adders (D:2)
  A dart slug (D:2)
  A ball python (D:1)
  3 endoplasms
  3 goblins
  A hobgoblin (D:1)
  A kobold (D:1)
  5 bats
  2 frilled lizards (D:2)
19 creatures vanquished.

Notes
Turn   | Place    | Note
-------+----------+-------------------------------------------
     0 | D:1      | fknight the Hill Orc Monk began the quest for the Orb.
     0 | D:1      | Reached XP level 1. HP: 19/19 MP: 1/1
    26 | D:1      | You fall into a shaft and drop 1 floor!
    34 | D:2      | Reached XP level 2. HP: 8/27 MP: 2/2
   560 | D:1      | Found a shimmering altar of Xom.
   823 | D:1      | Reached XP level 3. HP: 31/33 MP: 3/3
  1280 | D:1      | Found a faded altar of an unknown god.
  1636 | D:2      | HP: 1/33 [poisoned by an adder]
  1637 | D:2      | Succumbed to an adder's poison

Illustrated notes

Levels and vault maps discovered:
D:1:      dpeg_arrival_lava_altar, layout_basic,
          hellmonk_ecumenical_altar_inner_sanctum, roderic_lattice_a,
          serial_park_tiny_1, minmay_misc_feat_room, dk_noncrumbling_2,
          minmay_misc_feat_tiny
D:2:      layout_loops_ring, st_stairs_12, kennysheep_cross_room

Skill      XL: |  1  2 |
---------------+-------+-----
Fighting       | 4 |  4.1
Stealth        | 2 |  2.1
Axes           | |  4.5
Dodging        | |  2.7

Action                   || total
-------------------------++-------
Melee: Hand axe          ||    68
       Punch             ||     1
  Use: Potion            ||     2
 Stab: Sleeping          ||     2
Armor: Robe              ||    15
Dodge: Dodged            ||    43
